 Dungeon Crawl Stone Soup version 0.29-a0-284-gf9362112df (webtiles) character file.

Game seed: 12536444478756345991

4714 siradein the Slinger (level 10, 0/86 HPs)
             Began as a Purple Draconian Hunter on Mar 18, 2022.
             Was a Priest of Okawaru.
             Slain by a cyan ugly thing (17 damage)
             ... on level 8 of the Dungeon.
             The game lasted 00:26:50 (9821 turns).

siradein the Slinger (Purple Draconian Hunter)      Turns: 9821, Time: 00:26:50

Health: 0/86       AC: 10    Str: 26    XL:     10   Next: 22%
Magic:  12/12      EV: 14    Int: 17    God:    Okawaru [***...]
Gold:   583        SH:  0    Dex: 14    Spells: 9/9 levels left

rFire   . . .      SeeInvis .   b - +7 war axe "Fojaruti" {holy, rCorr Int+3}
rCold   . . .      Faith    .   (no shield)
rNeg    . . .      Spirit   .   (body armour unavailable)
rPois   .          Reflect  .   (helmet restricted)
rElec   .          Harm     .   o - +0 cloak
rCorr   +          Rampage  .   (no gloves)
Will    +....                   e - +1 pair of boots
Stlth   ++........              (no amulet)
HPRegen 0.24/turn               p - +6 ring of strength
MPRegen 0.13/turn               l - +6 ring of strength

@: no status effects
A: breathe power, AC +7, unfitting armour, cold-blooded
a: Breathe Dispelling Energy, Renounce Religion, Heroism


You were on level 8 of the Dungeon.
You worshipped Okawaru.
Okawaru was most pleased with you.
You visited 2 branches of the dungeon, and saw 9 of its levels.

You collected 583 gold pieces.

Inventory:

Hand Weapons
 a - a +1 hunting sling
 b - the +7 war axe "Fojaruti" (weapon) {holy, rCorr Int+3}
   (You found it on level 4 of the Dungeon)

   It has been blessed by the Shining One to cause great damage to the undead
   and demons.
   Int:       It affects your intelligence (+3).
   rCorr:     It protects you from acid and corrosion.
 c - a +5 vorpal trident
Missiles
 r - a curare-tipped dart
Armour
 e - a +1 pair of boots (worn)
 o - a +0 cloak (worn)
Jewellery
 g - a ring of positive energy
 j - a ring of magical power
 l - a +6 ring of strength (right hand)
 p - a +6 ring of strength (left hand)
 x - a ring of fire
 z - a ring of wizardry
Wands
 m - a wand of mindburst (17)
 w - a wand of iceblast (13)
 C - a wand of polymorph (7)
Scrolls
 d - 4 scrolls of fear
 f - a scroll of silence
 n - 6 scrolls of teleportation
 s - 2 scrolls of magic mapping {unknown}
 t - 3 scrolls of immolation
 u - 3 scrolls of fog
 y - a scroll of vulnerability
Potions
 h - a potion of invisibility
 i - 2 potions of curing
 k - 2 potions of haste
 q - 2 potions of berserk rage
 v - 2 potions of might {unknown}
 A - 2 potions of cancellation {unknown}
 B - 3 potions of attraction {unknown}
 D - a potion of brilliance


   Skills:
 + Level 7.5 Fighting
 * Level 9.4 Slings
 + Level 6.2 Dodging
 - Level 0.8 Stealth
 + Level 3.9 Invocations
 + Level 6.4 Evocations


You had 9 spell levels left.
You didn't know any spells.
Your spell library contained the following spells:

 Spells                   Type           Power      Damage    Failure   Level
 Magic Dart               Conj           0%         1d3       24%         1
 Sandblast                Erth           0%         2d4       24%         1
 Sting                    Tmut/Pois      0%         1d3       24%         1
 Ensorcelled Hibernation  Hex/Ice        0%         N/A       34%         2
 Passwall                 Tmut/Erth      0%         N/A       34%         2
 Poisonous Vapours        Pois/Air       0%         N/A       34%         2
 Dazzling Flash           Conj/Hex       0%         N/A       56%         3
 Gell's Gravitas          Tloc           0%         N/A       56%         3
 Mephitic Cloud           Conj/Pois/Air  0%         N/A       56%         3
 Spider Form              Tmut/Pois      0%         N/A       56%         3
 Stone Arrow              Conj/Erth      0%         3d7       56%         3
 Teleport Other           Tloc           0%         N/A       56%         3
 Anguish                  Hex/Necr       0%         N/A       93%         4
 Olgreb's Toxic Radiance  Pois           0%         N/A       93%         4
 Agony                    Necr           0%         N/A       100%        5
 Silence                  Hex/Air        0%         N/A       100%        5
 Dispersal                Tloc           0%         N/A       100%        6
 Call Imp                 Summ           Unusable   N/A       N/A         2

Dungeon Overview and Level Annotations

Branches:
Dungeon (8/15)             Temple (1/1) D:6
   Lair: D:8-11

Altars:
Dithmenos
Gozag
Hepliaklqana
Okawaru
Ru


Innate Abilities, Weirdness & Mutations

You can breathe bolts of dispelling energy.
Your rich purple scales are hard. (AC +7)
You cannot fit into any form of body armour.
You are cold-blooded and may be slowed by cold attacks.


Message History

The shadow imp is engulfed in seething chaos.
You closely miss the shadow imp.
Your tail-slap misses the shadow imp.
The shadow imp is moderately wounded.
The shadow imp gestures at you. Pain shoots through your body!
The shadow imp hits you but does no damage.
You barely miss the shadow imp. You tail-slap the shadow imp.
The shadow imp is heavily wounded.
The shadow imp barely misses you.
You puncture the shadow imp!
You kill the shadow imp!
Okawaru accepts your kill.
No target in view!
a - a +1 hunting sling (weapon)
Items here: )) [[ ††.
A wyvern, an orc warrior and a cyan ugly thing come into view.
The wyvern hisses angrily.
The cyan ugly thing gurgles horribly!
You hear a shout!
You shoot a sling bullet.
The sling bullet hits the cyan ugly thing!
The cyan ugly thing is lightly wounded.
You feel clever.
The +7 war axe "Fojaruti" {holy, rCorr Int+3} softly glows with a divine radiance!
b - the +7 war axe "Fojaruti" (weapon)
{holy, rCorr Int+3} You closely miss the cyan ugly thing.
The cyan ugly thing is lightly wounded.
The cyan ugly thing closely misses you. The cyan ugly thing gores you!
The cyan ugly thing shocks you!
You hit the cyan ugly thing.
The cyan ugly thing is lightly wounded.
The cyan ugly thing gores you. The cyan ugly thing shocks you!
You closely miss the cyan ugly thing.
Your tail-slap misses the cyan ugly thing.
The cyan ugly thing is lightly wounded.
The cyan ugly thing gores you! The cyan ugly thing shocks you!
* * * LOW HITPOINT WARNING * * *
The cyan ugly thing gores you.
* * * LOW HITPOINT WARNING * * *
The cyan ugly thing shocks you!
You die...

#...########.####### ....
#.### .♣ ♣.♣ ###. #<# l♣
♣.♣ ######. #.# .♣♣.♣
....... ..# o♣.♣ ##.###.
### u. y...... #.
#####..#..# ♣♣♣♣♣♣.♣♣♣♣♣♣♣
♣...#..#..#
.......lou@..♣#♣♣♣♣.#..#..
.♣♣♣♣♣♣♣♣♣♣♣.♣#.....#..#..#
♣.♣#.♣♣♣♣#..#..#
♣.♣#.....#..#..#
♣.♣#♣♣♣♣.#..#..#
♣.♣#.....#.[#...
♣....♣♣♣........
♣.♣#.....#......
♣.♣#♣♣♣♣.#......


You could see a cyan ugly thing, an orc warrior and a wyvern.

Vanquished Creatures
  A kobold demonologist (D:8)
  Grinder (D:4)
  5 yaks
  A steam dragon (D:7)
  2 water moccasins (D:7)
  An ice beast (D:6)
  3 black bears
  2 sky beasts
  An ogre (D:6)
  3 centaurs
  A phantom (D:5)
  A kobold brigand (D:7)
  A gnoll sergeant (D:8)
  5 bullfrogs
  A necrophage (D:6)
  A scorpion (D:6)
  9 wights (D:7)
  11 killer bees (D:7)
  4 hounds
  A gnoll shaman (D:6)
  3 orc priests
  Natasha (thrice) (D:3)
  3 iguanas (D:4)
  5 orc wizards
  13 gnolls
  7 adders
  2 shadow imps (D:8)
  2 dart slugs
  15 orcs
  11 endoplasms
  3 giant cockroaches
  5 hobgoblins
  4 jackals (D:2)
  4 kobolds
  2 quokkas
  5 ball pythons
  8 bats
  A frilled lizard (D:2)
  5 goblins
  9 rats
165 creatures vanquished.

Vanquished Creatures (others)
  2 fungi (D:1)
2 creatures vanquished.

Grand Total: 167 creatures vanquished

Notes
Turn   | Place    | Note
-------+----------+-------------------------------------------
     0 | D:1      | siradein the Draconian Hunter began the quest for the Orb.
     0 | D:1      | Reached XP level 1. HP: 17/17 MP: 1/1
   147 | D:1      | Found a faded altar of an unknown god.
   147 | D:1      | Noticed a golden eye
   155 | D:1      | Noticed an eye of devastation
   159 | D:1      | Noticed a shining eye
   159 | D:1      | Noticed an eye of devastation
   191 | D:1      | Reached XP level 2. HP: 25/25 MP: 2/2
   425 | D:1      | Reached skill level 4 in Slings
   822 | D:2      | Reached XP level 3. HP: 30/30 MP: 3/3
   984 | D:2      | You fall into a shaft and drop 1 floor!
  1016 | D:3      | Noticed Natasha
  1604 | D:3      | Reached XP level 4. HP: 38/38 MP: 4/4
  2242 | D:3      | HP: 1/38 [Natasha (2)]
  2244 | D:3      | Killed Natasha
  2512 | D:3      | Reached XP level 5. HP: 27/45 MP: 5/5
  2519 | D:3      | Noticed Natasha
  2720 | D:3      | Killed Natasha
  2913 | D:3      | Noticed Natasha
  2921 | D:3      | Killed Natasha
  2922 | D:3      | Reached skill level 5 in Slings
  3310 | D:4      | Identified the +7 war axe "Fojaruti" {holy, rCorr Int+3}
  3350 | D:4      | Reached skill level 1 in Evocations
  3350 | D:4      | Reached XP level 6. HP: 52/52 MP: 6/6
  3388 | D:4      | Noticed Grinder
  3403 | D:4      | Killed Grinder
  3883 | D:4      | Your scales start taking on a rich purple colour.
  3883 | D:4      | Reached XP level 7. HP: 56/59 MP: 7/7
  4182 | D:5      | Entered Level 5 of the Dungeon
  4418 | D:4      | Reached skill level 6 in Slings
  4481 | D:5      | Found an opulent altar of Gozag.
  4763 | D:4      | Reached skill level 5 in Fighting
  5188 | D:6      | Reached XP level 8. HP: 54/68 MP: 8/8
  5294 | D:6      | Reached skill level 7 in Slings
  5562 | D:6      | Found a staircase to the Ecumenical Temple.
  5576 | Temple   | Entered the Ecumenical Temple
  5583 | Temple   | Became a worshipper of Warmaster Okawaru
  6527 | D:7      | Reached skill level 5 in Dodging
  6819 | D:7      | Reached XP level 9. HP: 75/75 MP: 9/9
  6827 | D:7      | Reached * piety under Okawaru
  6828 | D:7      | Reached skill level 8 in Slings
  6836 | D:7      | Reached skill level 5 in Evocations
  6839 | D:7      | Reached skill level 1 in Invocations
  7235 | D:7      | Found a shadowy altar of Dithmenos.
  7443 | D:7      | Reached ** piety under Okawaru
  8451 | D:8      | Reached skill level 9 in Slings
  8673 | D:7      | Reached XP level 10. HP: 32/86 MP: 12/12
  8680 | D:7      | Reached *** piety under Okawaru
  9693 | D:8      | Noticed a sun demon
  9813 | D:8      | Noticed a cyan ugly thing
  9821 | D:8      | Slain by a cyan ugly thing

Illustrated notes

Levels and vault maps discovered:
D:1:      scummos_arrival_checkerplants, layout_loops_cross,
          hellmonk_ecumenical_altar_watching_god, minmay_tromino_v7
D:2:      layout_loops_ring
D:3:      layout_rooms, uniq_natasha
D:4:      layout_gridville, uniq_grinder
D:5:      layout_rooms, grunt_gozag_statues
D:6:      layout_basic, minmay_temple_entry_large_hall
D:7:      layout_basic, lemuel_crystal_altar, grunt_ministairs_1
D:8:      nzn_winding_woodlands_cross [nzn_winding_woodlands_5x15_sidewinder,
          nzn_winding_woodlands_5x15_jagged,
          nzn_winding_woodlands_5x15_sawtooth,
          nzn_winding_woodlands_5x15_river_crossing,
          nzn_winding_woodlands_15x15_boxy_spiral], layout_basic,
          patterned_corridor
Temple:   hc_temple_tempest_star

Skill      XL: |  1  2  3  4  5  6  7  8  9 |
---------------+----------------------------+-----
Dodging        | 2 3 4 5 6 |  6.2
Slings         | 4 5 6 7 9 |  9.4
Fighting       | 3 4 5 6 7 |  7.5
Evocations     | 1 2 3 4 6 |  6.4
Invocations    | 3 |  3.9
Stealth        | |  0.8

Action                   |  1- 3 |  4- 6 |  7- 9 | 10-12 || total
-------------------------+-------+-------+-------+-------++-------
Melee: War axe           |       |     9 |   190 |    17 ||   216
       Tailslap          |       |     2 |    23 |     3 ||    28
       Punch             |       |       |     1 |     1 ||     2
       Trident           |       |       |       |    19 ||    19
 Fire: Hunting sling     |   130 |   165 |   163 |    25 ||   483
 Abil: Breathe Dispellin |       |       |    11 |       ||    11
Evoke: Wand              |       |     1 |       |       ||     1
  Use: Potion            |       |     1 |     5 |       ||     6
       Scroll            |       |     5 |     4 |     1 ||    10
 Stab: Sleeping          |       |       |     1 |       ||     1
Armor: Skin              |    42 |    50 |   136 |    12 ||   240
Dodge: Dodged            |    64 |    95 |   254 |    23 ||   436

Table legend: (Time is in decaauts)
 A = Elapsed time spent in this place.
 B = Non-inter-level travel time spent in this place.
 C = Inter-level travel time spent in this place.
 D = Time resting spent in this place.
 E = Time spent auto-exploring this place.
 F = Levels seen in this place.
 G = Mean time per level.
                   A        B        C        D        E       F      G
               +--------+--------+--------+--------+--------+-----+--------+
         Total |  10040 |   9924 |    116 |   1219 |   6902 |   9 | 1115.6 |
       Dungeon |  10025 |   9909 |    116 |   1219 |   6902 |   8 | 1253.1 |
        Temple |     14 |     14 |      0 |      0 |      0 |   1 |   14.0 |
               +--------+--------+--------+--------+--------+-----+--------+

Top non-repeatable levels by time:
     D:7: 2521 daAuts
     D:4: 1523 daAuts
     D:2: 1365 daAuts
     D:3: 1059 daAuts
     D:6: 1023 daAuts
     D:8: 976 daAuts
     D:1: 837 daAuts
     D:5: 719 daAuts
  Temple: 14 daAuts
